Map: Ruins of Endion

Players

Genix - Winner!

  • Race: Protoss Protoss
  • League: Master

Miszu

  • Race: Terran Terran
  • League: Grandmaster

VOD

Have the link to the VOD?

Description

Time

  • Played on: May 18, 2016, 1:10 p.m.
  • Length: 6:18
Show
View Real Time Build Order
Export as new Build Order

Genix Protoss - Winner!

Build Orders: 1 Gate Expand 

Get SALT Encoding   

  12  0:01  Probe (Chrono Boost)  
  13  0:11  Probe (Chrono Boost)  
  14  0:17  Pylon  
  14  0:22  Probe (Chrono Boost)  
  15  0:36  Gateway, Probe (Chrono Boost)  
  15  0:42  Assimilator  
  16  0:46  Probe (Chrono Boost)  
  18  0:57  Probe (Chrono Boost)  
  18  1:07  Probe (Chrono Boost)  
  19  1:19  Nexus  
  19  1:23  Probe (Chrono Boost)  
  20  1:31  Cybernetics Core  
  20  1:35  Probe (Chrono Boost)  
  20  1:39  Assimilator  
  21  1:46  Probe (Chrono Boost)  
  22  1:49  Pylon  
  22  1:56  Probe (Chrono Boost)  
  23  2:08  Mothership Core (Chrono Boost)  
  25  2:11  Pylon  
  25  2:15  Warp Gate  
  25  2:18  Adept  
  27  2:26  Probe (Chrono Boost)  
  28  2:31  Probe (Chrono Boost)  
  29  2:37  Probe (Chrono Boost)  
  29  2:41  Probe (Chrono Boost)  
  31  2:46  Robotics Facility  
  31  2:48  Probe (Chrono Boost)  
  32  2:52  Pylon, Probe (Chrono Boost)  
  32  2:55  Pylon  
  33  2:59  Probe (Chrono Boost)  
  33  3:02  Probe (Chrono Boost)  
  35  3:08  Twilight Council  
  35  3:10  Probe (Chrono Boost)  
  36  3:13  Probe (Chrono Boost)  
  37  3:21  Probe (Chrono Boost)  
  37  3:23  Probe (Chrono Boost)  
  39  3:31  Probe (Chrono Boost)  
  39  3:32  Probe (Chrono Boost)  
  39  3:33  Observer (Chrono Boost)  
  42  3:35  Gateway  
  42  3:36  Gateway  
  42  3:40  Assimilator  
  42  3:41  Assimilator  
  42  3:43  Probe x2  
  44  3:48  Pylon  
  44  3:54  Probe  
  44  3:55  Probe  
  46  3:56  Observer (Chrono Boost)  
  46  4:00  Blink (Chrono Boost)  
  47  4:06  Probe  
  47  4:07  Probe  
  49  4:16  Observer  
  49  4:18  Probe  
  51  4:24  Probe  
  51  4:30  Probe  
  53  4:34  Nexus  
  53  4:36  Stalker x3  
  59  4:39  Observer, Pylon  
  57  4:47  Probe x2  
  56  4:59  Stalker x2  
  59  5:03  Stalker  
  61  5:10  Probe (Chrono Boost)  
  61  5:11  Probe (Chrono Boost)  
  63  5:19  Pylon  
  63  5:26  Stalker x3  
  69  5:34  Probe x2 (Chrono Boost)  
  71  5:36  Pylon  
  71  5:48  Gateway x2  
  71  5:49  Gateway  
  71  5:53  Probe (Chrono Boost)  
  71  5:54  Pylon  
  72  6:03  Probe x2 (Chrono Boost)  
  75  6:04  Probe (Chrono Boost)  
  75  6:08  Stalker x2  
Show
View Real Time Build Order
Export as new Build Order

Miszu Terran 

Build Orders: Reaper Expand 

Get SALT Encoding   

  12  0:01  SCV  
  13  0:13  SCV  
  14  0:19  Supply Depot  
  14  0:25  SCV  
  15  0:41  SCV  
  15  0:42  Barracks  
  16  0:45  Refinery  
  16  0:53  SCV  
  17  1:05  SCV  
  18  1:17  SCV  
  19  1:29  Orbital Command  
  19  1:32  Reaper  
  20  1:41  Command Center  
  20  1:51  Supply Depot  
  20  1:55  SCV  
  21  2:04  Marine  
  21  2:07  SCV  
  23  2:14  Factory  
  23  2:18  Refinery  
  23  2:19  SCV  
  24  2:27  Barracks Reactor  
  24  2:32  SCV  
  25  2:44  SCV  
  26  2:56  SCV  
  27  2:59  Factory Tech Lab  
  27  3:01  Orbital Command  
  27  3:02  Starport  
  27  3:04  Marine  
  27  3:05  Marine  
  29  3:08  SCV  
  30  3:28  Marine x2  
  30  3:32  SCV  
  30  3:33  SCV  
  34  3:38  Supply Depot  
  34  3:42  Medivac, Widow Mine  
  34  3:44  SCV  
  34  3:45  SCV  
  34  3:46  Marine x2  
  41  3:56  SCV  
  41  3:57  SCV  
  43  4:03  Marine  
  43  4:04  Marine  
  43  4:06  Supply Depot  
  43  4:08  SCV  
  43  4:09  SCV  
  47  4:11  Siege Tank  
  50  4:19  Barracks  
  50  4:20  SCV  
  50  4:21  Medivac, Barracks, SCV  
  54  4:25  Refinery  
  54  4:28  Marine  
  54  4:33  SCV x2  
  56  4:45  Marine x2, SCV x2  
  60  4:57  SCV x2  
  60  4:59  Starport Reactor  
  60  5:00  Engineering Bay  
  60  5:03  Supply Depot, Marine  
  61  5:09  Siege Tank, SCV x2  
  61  5:10  Barracks Tech Lab  
  61  5:11  Barracks Tech Lab  
  58  5:21  Barracks, SCV x2  
  59  5:22  Barracks  
  59  5:25  Marine x2  
  59  5:26  Supply Depot  
  62  5:29  Marine  
  62  5:30  Marine  
  62  5:33  SCV  
  65  5:36  Medivac  
  65  5:41  SCV  
  68  5:43  Marine  
  68  5:45  SCV  
  68  5:49  Command Center  
  70  5:50  Refinery  
  70  5:53  SCV  
  71  5:59  Factory Reactor  
  68  6:12  Command Center  
  68  6:13  Barracks Reactor  
  68  6:14  Barracks Tech Lab  
Tags
 
Add a new tag
Caveats
  • Supply blocks, unpowered buildings, or Contaminate may cause inaccurate times.
  • Supply counts are checked every 10 seconds.